 Dungeon Crawl Stone Soup version 0.16.0-17-g811c1d7 (webtiles) character file.

149 MDvedh the Cutter (level 5, -2/26 HPs)
             Began as a Vine Stalker Hunter on Mar 22, 2015.
             Slain by Blork the orc
             ... wielding a +0 trident
              (6 damage)
             ... on level 4 of the Dungeon.
             The game lasted 00:03:55 (2288 turns).

MDvedh the Cutter (Vine Stalker Hunter)             Turns: 2288, Time: 00:03:56

Health: -2/26      AC:  3    Str: 15    XL:     5   Next: 31%
Magic:  0/7        EV: 12    Int: 11    God:
Gold:   135        SH:  0    Dex: 15    Spells: 0 memorised, 4 levels left

rFire  . . .     SeeInvis .     a - +0 short sword
rCold  . . .     Clarity  .     d - +0 leather armour
rNeg   . . .     SustAb   .     (no shield)
rPois  .         Gourm    .     (no helmet)
rElec  .         Spirit   +     (no cloak)
rCorr  .         Warding  .     (no gloves)
rMut   .         Stasis   .     (no boots)
MR     .....                    (no amulet)
Stlth  ++........               (no ring)
                                (no ring)

@: not resistant to hostile enchantments, unstealthy
A: fangs 2, regeneration 1, magic shield, antimagic bite, no device heal 3, rot
immunity
a: no special abilities


You were on level 4 of the Dungeon.
You were not hungry.

You visited 1 branch of the dungeon, and saw 4 of its levels.

You collected 135 gold pieces.

Inventory:

Hand weapons
 a - a +0 short sword (weapon)
Missiles
 b - 4 javelins (quivered)
 c - 2 throwing nets
Armour
 d - a +0 leather armour (worn)
Jewellery
 j - an uncursed ring of wizardry {unknown}
 v - an uncursed ring of flight {unknown}
Scrolls
 e - a scroll of magic mapping {unknown}
 i - 2 scrolls of enchant armour {unknown}
 n - 2 scrolls of remove curse {unknown}
 o - a scroll of fear {unknown}
 p - 3 scrolls of teleportation {unknown}
 t - a scroll of noise {unknown}
 w - a scroll of identify {unknown}
Potions
 g - a potion of restore abilities {unknown}
 k - a potion of haste {unknown}
 m - 2 potions of agility {unknown}
 q - a potion of ambrosia {unknown}
 r - 2 potions of resistance {unknown}
 s - 2 potions of magic {unknown}
 z - a potion of brilliance {unknown}
Comestibles
 f - 3 bread rations
 h - 2 meat rations
 l - 6 fruits
 u - a slice of pizza


   Skills:
 - Level 1.7 Fighting
 + Level 4.3 Short Blades
 - Level 3.6 Throwing
 - Level 1.5 Dodging
 - Level 1.2 Stealth


You had 4 spell levels left.
You didn't know any spells.

Dungeon Overview and Level Annotations

Branches:
Dungeon (4/15)
 Temple: D:4-7

Altars:

Annotations:
D:4 Blork the orc


Innate Abilities, Weirdness & Mutations

You have extremely sharp teeth.
Your natural rate of healing is unusually fast.
When hurt, damage is shared between your health and your magic reserves.
Your bite disrupts and absorbs the magic of your enemies.
Potions and wands cannot restore your health.
You are immune to rotting.


Message History

Okay, then.
Blork the orc points at you and mumbles some strange words.
The puff of flame hits you!
* * * LOW HITPOINT WARNING * * *
Drink which item? (? for menu, Esc to quit)
Okay, then.
Blork the orc closely misses you. x2
Blork the orc barely misses you.
Unknown command.
You barely miss Blork the orc. Blork the orc barely misses you.
You closely miss Blork the orc. Blork the orc completely misses you.
You barely miss Blork the orc. Blork the orc closely misses you.
You barely miss Blork the orc.
You bite Blork the orc, but do no damage.
Blork the orc hits you with a trident!
* * * LOW HITPOINT WARNING * * *
You hit Blork the orc!
Blork the orc is moderately wounded.
Blork the orc hits you with a trident!
You die...

#.# ##....#.##.. #.#
#........... #.# #.....#.....
#######.####o#......##.
#.............#.#.......
#.######.######......... #
#......#.# #.#.##.###
######.#######.#.#### #......#
........<†.....@o...# ###.##.#
.................##.......##.#
#####.####..#.### #####.##.#
#.. .....#.# ..##.# #.
###..#.# # #.# #. #..#.# #.# #
#>.#.# #.. #..#.. ...#.#


You could see Blork the orc.

Vanquished Creatures
  An orc priest (D:3)
  Jessica (D:2)
  2 adders
  2 worms
  2 giant geckos
  2 oozes (D:2)
  4 orcs (D:3)
  7 bats
  3 giant cockroaches
  7 goblins
  8 hobgoblins
  4 jackals (D:2)
  A quokka (D:2)
  4 ball pythons
  2 giant newts
  4 kobolds
  11 rats
65 creatures vanquished.

Notes
Turn   | Place    | Note
--------------------------------------------------------------
     0 | D:1      | MDvedh, the Vine Stalker Hunter, began the quest for the Orb.
     0 | D:1      | Reached XP level 1. HP: 11/11 MP: 1/1
   169 | D:1      | Reached skill level 1 in Short Blades
   233 | D:1      | Reached XP level 2. HP: 12/15 MP: 3/3
   609 | D:2      | Noticed Jessica
   628 | D:2      | Reached XP level 3. HP: 3/18 MP: 1/4
   629 | D:2      | Killed Jessica
   951 | D:2      | Reached XP level 4. HP: 23/23 MP: 3/5
  1747 | D:3      | Reached skill level 4 in Short Blades
  1747 | D:3      | Reached XP level 5. HP: 11/26 MP: 4/7
  2220 | D:4      | Noticed Blork the orc
  2246 | D:4      | HP: 1/26 [something (6)]
  2288 | D:4      | Slain by Blork the orc

Action                   |  1- 3 |  4- 6 || total
-------------------------+-------+-------++-------
Melee: Short sword       |    89 |   104 ||   193
Throw: Javelin           |     3 |     6 ||     9
 Stab: Distracted        |     1 |       ||     1
       Sleeping          |     1 |     1 ||     2
  Eat: Chunk             |       |     3 ||     3
       Beef jerky        |       |     1 ||     1
